 Dungeon Crawl Stone Soup version 0.30.1 (webtiles) character file.

Game seed: 3364763435318462436

16380 Wiggles the Severer (level 12, 0/144 HPs)
             Began as a Minotaur Berserker on July 13, 2023.
             Was a High Priest of Trog.
             Killed by vampiric draining
             ... invoked by a vampire
              (4 damage)
             ... on level 10 of the Dungeon.
             The game lasted 00:19:55 (11679 turns).

Wiggles the Severer (Minotaur Berserker)           Turns: 11679, Time: 00:19:56

Health: 0/144      AC: 16    Str: 32    XL:     12   Next: 9%
Magic:  11/11      EV:  9    Int:  4    God:    Trog [*****.]
Gold:   580        SH:  8    Dex: 11    Spells: 11/11 levels left

rFire   . . .        j - +6 hand axe
rCold   . . .        v - +0 kite shield
rNeg    + . .        z - +0 plate armour
rPois   .            (helmet restricted)
rElec   .            x - scarf {+Inv}
rCorr   .            H - +0 pair of gloves
SInv    .            w - +1 pair of boots
Will    .....        (no amulet) Stlth
                     t - +6 ring of strength
HPRegen 0.44/turn    n - ring of positive energy
MPRegen 0.12/turn

%: no passive effects
@: berserking (expiring), very quick
A: horns 2, retaliatory headbutt
a: Renounce Religion, Evoke Invisibility, Berserk, Trog's Hand, Brothers in Arms


You were on level 10 of the Dungeon.
You worshipped Trog.
Trog was extremely pleased with you.
You visited 1 branch of the dungeon, and saw 10 of its levels.
You also visited: Sewer.

You collected 602 gold pieces.
You spent 22 gold pieces at shops.

Inventory:

Hand Weapons
 j - a +6 hand axe (weapon)
Missiles
 y - 2 boomerangs of dispersal (quivered)
Armour
 v - a +0 kite shield (worn)
 w - a +1 pair of boots (worn)
 x - a scarf of invisibility (worn)
 z - a +0 plate armour (worn)
 H - a +0 pair of gloves (worn)
Jewellery
 n - a ring of positive energy (right hand)
 t - a +6 ring of strength (left hand)
 A - a ring of flight
Wands
 d - a wand of charming (9)
 o - a wand of roots (4)
 s - a wand of polymorph (4)
 F - a wand of light (7)
Scrolls
 a - a scroll of magic mapping
 e - 7 scrolls of teleportation
 h - a scroll of summoning
 p - a scroll of acquirement {unknown}
 q - 2 scrolls of immolation
 C - a scroll of fear {unknown}
 D - a scroll of enchant weapon
 G - a scroll of blinking
Potions
 b - 4 potions of lignification
 c - 4 potions of might
 f - a potion of cancellation
 g - 8 potions of curing
 i - 2 potions of degeneration
 k - 2 potions of invisibility
 l - a potion of magic {unknown}
 m - a potion of attraction {unknown}
 r - 2 potions of mutation
 u - 6 potions of haste
 B - a potion of flight {unknown}
 E - a potion of resistance {unknown}


   Skills:
 - Level 6.3 Fighting
 + Level 20.3 Axes
 - Level 6.6 Armour
 + Level 6.6 Dodging
 - Level 1.7 Stealth
 - Level 2.9 Shields


You had 11 spell levels left.
You didn't know any spells.
Your spell library was empty.

Dungeon Overview and Level Annotations

Branches:
Dungeon (10/15)            Temple (0/1) D:7            Lair (0/5) D:9
  Sewer (visited)
    Orc: D:9-12

Altars:
Dithmenos
Elyvilon
Hepliaklqana
Trog
Uskayaw
Vehumet
Wu Jian
The Shining One

Shops:
D:1 ?   D:7 *


Innate Abilities, Weirdness & Mutations

You have a pair of horns on your head.
You reflexively headbutt those who attack you in melee.


Message History

The centaur zombie barely misses you. You furiously retaliate!
You headbutt the centaur zombie.
The centaur zombie kicks you but does no damage.
Something hits you but does no damage. Something completely misses you.
Something hits you but does no damage. Something bites you!
* * * LOW HITPOINT WARNING * * *
Something draws strength from your injuries!
Okay, then.
You hit something. x2; You slash the centaur zombie!
You destroy the centaur zombie!
Trog accepts your kill. Something hits you but does no damage.
Something bites you but does no damage. Something hits you.
* * * LOW HITPOINT WARNING * * *
Something bites you.
* * * LOW HITPOINT WARNING * * *
You slash something! You closely miss something. You block something's attack.
Something bites you but does no damage.
You feel a strong urge to attack something.
You hit something but do no damage. You miss something.
Something hits you but does no damage. Something bites you!
* * * LOW HITPOINT WARNING * * *
Something draws strength from your injuries!
Something hits you but does no damage. Something bites you but does no damage.
You slash something! You headbutt something! You hit something.
You miss something. You slash something! Something hits you.
* * * LOW HITPOINT WARNING * * *
Something bites you but does no damage. Something hits you but does no damage.
Something bites you but does no damage.
You miss something. Your headbutt misses something. You barely miss something.
You closely miss something. Your headbutt misses something.
You slash something! Trog accepts your kill.
Trog appreciates your killing of a magic user.
Reactivating autopickup.
You feel a bit more experienced.
Deactivating autopickup; reactivate with Ctrl-A.
You barely miss something. You headbutt something!
Something draws life force from you.
You die...

...######..####.......?#
..###.......8.......>..#
..~~#..................#
♣..~#.####.....#######.#
......# ##P...# #.#
_)♣...# ###### #.#
......# #.#
♣..~#.################.#
..~~#...........@......#
..###.####...?..{......#
.. ...# #.####........#
......# #.# #....8...#
......# #.# #........#
......# #.. .........#
....... ... .........#
........#### #.........#
#..# #...######


There were no monsters in sight!

Vanquished Creatures
  Harold (D:9)
  A two-headed ogre (D:8)
  A death yak (D:9)
  Pikel (D:8)
  An elephant (D:9)
  Joseph (D:8)
  8 centaur zombies (D:10)
  Maurice (D:8)
  A troll (D:10)
  Prince Ribbit (D:5)
  5 hornets
  5 shadows
  5 wraiths
  2 vampires (D:10)
  2 basilisks (D:9)
  20 yaks
  A wyvern (D:8)
  2 water moccasins
  2 black bears (D:7)
  2 sky beasts
  2 ogres
  5 centaurs
  A lemure (D:8)
  5 kobold brigands
  4 bullfrogs
  3 scorpions
  A gnoll sergeant (D:9)
  5 wights (D:8)
  11 killer bees
  4 howler monkeys (D:8)
  5 hounds
  4 jellies (D:5)
  An orc priest (D:9)
  5 iguanas
  A gnoll bouda (D:9)
  Natasha (thrice) (D:4)
  3 orc wizards
  A sleepcap (D:6)
  A howler monkey zombie (D:10)
  9 gnolls (D:9)
  11 adders
  A shadow imp (D:5)
  2 white imps
  6 ufetubi
  4 dart slugs
  2 worms
  20 orcs
  7 bats
  7 endoplasms
  2 giant cockroaches
  5 goblins
  7 hobgoblins
  3 jackals (D:4)
  5 quokkas
  8 ball pythons
  A frilled lizard (D:2)
  17 kobolds
  8 rats
253 creatures vanquished.

Vanquished Creatures (collateral kills)
  A centaur zombie (D:10)
  A shadow (D:10)
  2 wraiths (D:10)
  A killer bee (D:10)
  A howler monkey zombie (D:10)
6 creatures vanquished.

Vanquished Creatures (others)
  A quokka (D:10)
1 creature vanquished.

Grand Total: 260 creatures vanquished

Notes
Turn   | Place    | Note
-------+----------+-------------------------------------------
     0 | D:1      | Wiggles the Minotaur Berserker began the quest for the Orb.
     0 | D:1      | Reached XP level 1. HP: 19/19 MP: 0/0
   196 | D:1      | Found Lijigg's Magic Scroll Shop.
   201 | D:1      | Bought a scroll of identify for 22 gold pieces
   336 | D:1      | Reached XP level 2. HP: 25/27 MP: 1/1
   368 | D:1      | Reached skill level 4 in Axes
   898 | D:2      | Reached XP level 3. HP: 23/34 MP: 2/2
  1313 | D:2      | Reached ** piety under Trog
  1836 | D:3      | Reached XP level 4. HP: 35/41 MP: 3/3
  1918 | D:3      | Found a shadowy altar of Dithmenos.
  2561 | D:3      | Found a hazy altar of Hepliaklqana.
  2567 | D:3      | Found a hide-covered altar of Uskayaw.
  2644 | D:4      | Reached skill level 1 in Stealth
  2785 | D:4      | Reached XP level 5. HP: 33/47 MP: 4/4
  2792 | D:4      | Reached skill level 5 in Axes
  3068 | D:4      | Noticed Natasha
  3077 | D:4      | Killed Natasha
  3246 | D:4      | Found an ornate altar of the Wu Jian Council.
  3309 | D:4      | Noticed Natasha
  3315 | D:4      | Killed Natasha
  3562 | D:4      | Noticed Natasha
  3574 | D:4      | Killed Natasha
  3575 | D:4      | Reached skill level 5 in Fighting
  3654 | D:5      | Entered Level 5 of the Dungeon
  3663 | D:5      | Reached XP level 6. HP: 44/56 MP: 5/5
  3734 | D:5      | Reached skill level 1 in Shields
  3882 | D:5      | Reached *** piety under Trog
  4012 | D:5      | Reached skill level 6 in Axes
  4016 | D:5      | Reached XP level 7. HP: 35/61 MP: 6/6
  4206 | D:5      | Reached skill level 5 in Armour
  4326 | D:5      | Noticed Prince Ribbit
  4371 | D:5      | Killed Prince Ribbit
  4669 | D:5      | Reached skill level 7 in Axes
  4697 | D:5      | Reached XP level 8. HP: 66/70 MP: 7/7
  4759 | D:5      | Identified the +0 leather armour of Untruth {Int+3}
  5396 | D:6      | Found a glowing drain.
  5412 | Sewer    | Entered a sewer
  5436 | Sewer    | Reached skill level 8 in Axes
  5817 | Sewer    | Reached skill level 9 in Axes
  5948 | D:6      | Reached skill level 10 in Axes
  5959 | D:6      | Reached XP level 9. HP: 75/75 MP: 8/8
  6256 | D:6      | Found a glowing golden altar of the Shining One.
  6348 | D:7      | Reached skill level 11 in Axes
  6378 | D:7      | Found Puach's Practical Paraphernalia.
  6514 | D:7      | Reached **** piety under Trog
  6804 | D:7      | Found a staircase to the Ecumenical Temple.
  6864 | D:7      | Reached skill level 12 in Axes
  7490 | D:8      | Noticed Pikel
  7505 | D:8      | Killed Pikel
  7506 | D:8      | Reached skill level 13 in Axes
  7756 | D:8      | Noticed a two-headed ogre
  7766 | D:8      | Killed a two-headed ogre
  7767 | D:8      | Reached skill level 14 in Axes
  7767 | D:8      | Reached skill level 5 in Dodging
  7767 | D:8      | Reached XP level 10. HP: 30/83 MP: 9/9
  8125 | D:8      | Reached skill level 15 in Axes
  8172 | D:8      | Noticed Joseph
  8189 | D:8      | Killed Joseph
  8676 | D:8      | Noticed Maurice
  8685 | D:8      | Killed Maurice
  9031 | D:9      | Noticed an elephant
  9032 | D:9      | Found a staircase to the Lair.
  9032 | D:9      | Noticed a death yak
  9049 | D:9      | Killed an elephant
  9050 | D:9      | Reached skill level 16 in Axes
  9066 | D:9      | Killed a death yak
  9265 | D:9      | Found a radiant altar of Vehumet.
  9371 | D:9      | Found a bloodstained altar of Trog.
  9379 | D:9      | Reached skill level 17 in Axes
  9383 | D:9      | Reached XP level 11. HP: 80/89 MP: 10/10
  9413 | D:9      | Noticed Harold
  9432 | D:9      | Killed Harold
 10077 | D:9      | Reached skill level 18 in Axes
 10174 | D:10     | Entered Level 10 of the Dungeon
 10337 | D:9      | Reached ***** piety under Trog
 10790 | D:10     | Reached skill level 19 in Axes
 10943 | D:10     | Paralysed by a hornet for 1 turns
 10947 | D:10     | Paralysed by a hornet for 1 turns
 11319 | D:10     | Found a white marble altar of Elyvilon.
 11553 | D:10     | Reached skill level 20 in Axes
 11660 | D:10     | Reached XP level 12. HP: 72/96 MP: 11/11
 11674 | D:10     | HP: 6/144 [something (9)]
 11679 | D:10     | Killed from afar by a vampire

Illustrated notes

Levels and vault maps discovered:
D:1:      heliophobic_arrival_dark_side_of_the_moon, layout_basic, serial_shops,
          shop, serial_bayou_pond_a
D:2:      layout_loops_corners, amcnicky_mini_corridor_feature, minmay_tripent
D:3:      layout_loops_cross, overflow_temple_1_default, minitemple,
          chequers_decorated_corner
D:4:      layout_basic, pdpol_wu_jian_five_deadly_venoms,
          minmay_misc_feat_hallway, uniq_natasha
D:5:      layout_cave_pods, kennysheep_cross_room, serial_park_tiny_2,
          uniq_prince_ribbit1
D:6:      layout_loops_ring, nicolae_tso_swordbearing_angel,
          cheibrodos_sewer_entry_drain, st_stairs_4, grunt_decor_junction
D:7:      nicolae_cairo_tiling_large, layout_basic,
          minmay_temple_entry_overgrown, nicolae_alphabet_shops,
          serial_bayou_pond_e
D:8:      layout_basic, uniq_joseph, uniq_maurice, uniq_pikel
D:9:      layout_long_grid, mainiacjoe_overflow_chevrons,
          mainiacjoe_overflow_paths, david_lair_generic, uniq_harold
D:10:     layout_small_grid, elyvilon_altar_4, serial_undead, serial_undead_d,
          serial_undead_e, serial_undead_e, serial_undead_d, serial_undead_d,
          serial_undead_f, serial_undead_a, serial_undead_b

Skill      XL: |  1  2  3  4  5  6  7  8  9 10 11 |
---------------+----------------------------------+-----
Axes           | 4 5 6 7 10 14 17 20 | 20.3
Fighting       | 4 5 6 |  6.3
Stealth        | 1 |  1.7
Dodging        | 3 4 5 6 |  6.6
Armour         | 3 4 6 |  6.6
Shields        | 1 2 |  2.9

Action                     |  1- 3 |  4- 6 |  7- 9 | 10-12 || total
---------------------------+-------+-------+-------+-------++-------
  Melee: Hand axe          |    97 |   122 |   353 |   309 ||   881
         Headbutt          |    13 |    15 |    49 |    67 ||   144
         Punch             |       |     1 |       |       ||     1
 Invoke: Berserk           |       |       |     3 |     3 ||     6
         Brothers in Arms  |       |       |       |     1 ||     1
    Use: Scroll            |       |       |    14 |     6 ||    20
         Potion            |       |       |       |     3 ||     3
 Armour: Animal skin       |    19 |     1 |       |       ||    20
         Ring mail         |       |    38 |       |       ||    38
         Plate armour      |       |     8 |   166 |   247 ||   421
  Dodge: Dodged            |    69 |    61 |   106 |   138 ||   374
  Block: Kite shield       |       |    28 |   115 |   152 ||   295
